 Dungeon Crawl Stone Soup version 0.23-a0-164-g7711e57 (webtiles) character file.

28 Amnesiac the Chiller (level 3, 0/25 HPs)
             Began as a Mummy Ice Elementalist on Sept 9, 2018.
             Slain by an adder (4 damage)
             ... on level 3 of the Dungeon.
             The game lasted 00:01:46 (904 turns).

Amnesiac the Chiller (Mummy Ice Elementalist)        Turns: 904, Time: 00:01:47

Health: 0/25       AC:  2    Str: 11    XL:     3   Next: 0%
Magic:  6/7        EV: 12    Int: 15    God:
Gold:   22         SH:  0    Dex: 12    Spells: 4/8 levels left

rFire    x . .     SeeInvis .   a - +1 dagger (flame)
rCold    + . .     Gourm    .   (no shield)
rNeg     + + +     Faith    .   c - +0 robe
rPois    ∞         Spirit   .   (no helmet)
rElec    .         Reflect  .   (no cloak)
rCorr    .         Harm     .   (no gloves)
MR       +....     Rnd*Tele +   (no boots)
Stlth    ++........             (no amulet)
HPRegen  0.08/turn              f - ring of protection from magic
MPRegen  0.10/turn              h - ring of teleportation (curse)

@: no status effects
A: no food or potions, fire vulnerability, cold resistance 1, negative energy
resistance 3, torment resistance, unbreathing
a: no special abilities


You were on level 3 of the Dungeon.
You were not hungry.

You visited 1 branch of the dungeon, and saw 4 of its levels.

You collected 22 gold pieces.

Inventory:

Hand Weapons
 a - a +1 dagger of flaming (weapon)
 b - a +0 hunting sling
Missiles
 e - 44 stones (quivered)
Armour
 c - a +0 robe (worn)
Jewellery
 f - a ring of protection from magic (left hand)
 h - a cursed ring of teleportation (right hand)
 i - an uncursed ring of resist corrosion
Scrolls
 d - 3 scrolls of identify {!r}
 g - a scroll of amnesia {!r}


   Skills:
 + Level 0.9 Fighting
 - Level 1.5 Dodging
 - Level 1.5 Stealth
 + Level 3.0 Spellcasting
   Level 0.7 Conjurations
 * Level 3.1 Ice Magic


You had 4 spell levels left.
You knew the following spells:

 Your Spells              Type           Power        Failure   Level  Hunger
a - Freeze                Ice            ##..         5%          1    N/A
z - Ozocubu's Armour      Chrm/Ice       #.......     30%         3    N/A

Your spell library contained the following spells:

 Spells                   Type           Power        Failure   Level  Hunger
 Throw Frost              Conj/Ice       #.....       14%         2    N/A
 Throw Icicle             Conj/Ice       #.......     65%         4    N/A
 Summon Ice Beast         Ice/Summ       #.......     71%         4    N/A

Dungeon Overview and Level Annotations

Branches:
Dungeon (4/15)
 Temple: D:4-7

Altars:


Innate Abilities, Weirdness & Mutations

You do not eat or drink.
Your flesh is vulnerable to fire.
You are immune to poison.
Your flesh is cold resistant. (rC+)
You are immune to negative energy. (rN+++)
You are immune to unholy pain and torment.
You can survive without breathing.


Message History

Magic restored.
You start resting.
You hear a distant blaring wail to the south.
An iguana comes into view.
You climb upwards.
There is a stone staircase leading down here.
A goblin comes into view. It is wielding a dagger.
The goblin shouts!
A goblin is nearby!
The goblin hits you with a dagger.
Casting: Freeze (safe; 6% risk of failure)
Confirm with . or Enter, or press ? or * to list all spells.
Aiming: Freeze (safe; 6% risk of failure)
Press: ? - help, Shift-Dir - straight line, f - goblin
Aim: a goblin, wielding a dagger You freeze the goblin.
You kill the goblin!
Things that are here:
a dagger; a goblin corpse You open the door.
A ball python comes into view.
Found a stone staircase leading down.
A ball python is nearby!
There is an open door here.
There is a stone staircase leading down here.
Casting: Freeze (safe; 6% risk of failure)
Confirm with . or Enter, or press ? or * to list all spells.
Aiming: Freeze (safe; 6% risk of failure)
Press: ? - help, Shift-Dir - straight line, f - ball python
Aim: a ball python You freeze the ball python.
The ball python is severely wounded.
The ball python barely misses you. The ball python grabs you.
The ball python constricts you.
Casting: Freeze (safe; 6% risk of failure)
Confirm with . or Enter, or press ? or * to list all spells.
Aiming: Freeze (safe; 6% risk of failure)
Press: ? - help, Shift-Dir - straight line, f/p - ball python
Aim: a ball python (severely wounded, constricting you)
You freeze the ball python.
You kill the ball python!
You have reached level 3!
Your experience leads to an increase in your attributes!
Increase (S)trength, (I)ntelligence, or (D)exterity?
You feel clever.
Memorise Ozocubu's Armour, consuming 3 spell levels and leaving 4?
You start memorising the spell.
You continue memorising. x3
You finish memorising.
Spell assigned to 'z'.
You climb downwards.
A leopard gecko, 4 jackals, an ogre and a skeleton come into view.
The jackal barks! x3
Found a ration and a runed scale mail.
Found two stone staircases leading down.
There is a stone staircase leading up here.
The jackal bites you. The ogre hits you with a giant club!
Ouch! That really hurt!
* * * LOW HITPOINT WARNING * * *
The jackal barks!
The leopard gecko hisses angrily.
You climb upwards.
There is a stone staircase leading down here.
An adder comes into view.
The adder hisses angrily.
The adder bites you.
You die...

# .# ##+## ######.#
##...## #.O....#
##.....## #.##@###
##.......##
#.#S..####.........#
#.......>'...).....+
#.#...####.........#
#.##.## ##.......##
#.#### ##.....## #.#
##...#### #..
##.....# ### #>###.#


You could see an ogre and an adder.

Vanquished Creatures
  An adder (D:3)
  An adder skeleton (D:4)
  A leopard gecko (D:1)
  2 bats
  A giant cockroach (D:3)
  3 goblins
  2 jackals
  2 ball pythons
  2 rats
15 creatures vanquished.

Notes
Turn   | Place    | Note
-------+----------+-------------------------------------------
     0 | D:1      | Amnesiac the Mummy Ice Elementalist began the quest for the
                  | Orb.
     0 | D:1      | Reached XP level 1. HP: 13/13 MP: 4/4
   484 | D:3      | Reached XP level 2. HP: 9/19 MP: 1/5
   885 | D:3      | Reached XP level 3. HP: 21/25 MP: 4/7
   890 | D:3      | Learned a level 3 spell: Ozocubu's Armour
   891 | D:4      | Noticed an ogre
   904 | D:3      | Slain by an adder

Vault maps used:
D:1:      dpeg_arrival_shelter
D:2:      uniq_natasha
D:3:      minmay_door_path, first_ration, nicolae_ashenzari_panopticon
D:4:      columned_hall_lemuel, xom_redecorated, uniq_crazy_yiuf_cottage,
          uniq_menkaure, uniq_pikel

Skill      XL: |  1  2 |
---------------+-------+-----
Ice Magic      | 3 |  3.1
Spellcasting   | 3 |  3.0
Fighting       | |  0.9
Dodging        | |  1.5
Stealth        | |  1.5
Conjurations   | |  0.7

Action                   || total
-------------------------++-------
Melee: Dagger            ||    29
 Cast: Freeze            ||    22
  Use: Scroll            ||     1
 Stab: Sleeping          ||     1
Armor: Robe              ||    21
Dodge: Dodged            ||    40

Table legend:
 A = Non-vault XP
 B = Vault XP
 C = Vault XP percentage of total XP
 D = Non-vault monster count
 E = Vault monster count
 F = Vault count percentage of total count
                 A         B        C        D         E       F
            +---------+---------+-------+---------+---------+-------
      Total |      41 |       0 |   0.0 |      15 |       0 |   0.0
            +---------+---------+-------+---------+---------+-------
        D:1 |       7 |       0 |   0.0 |       4 |       0 |   0.0
        D:2 |       4 |       0 |   0.0 |       2 |       0 |   0.0
        D:3 |      23 |       0 |   0.0 |       7 |       0 |   0.0
        D:4 |       7 |       0 |   0.0 |       2 |       0 |   0.0
            +---------+---------+-------+---------+---------+-------
